DSL
DSL CLEVELAND GUARDIANS @ DSL PHILADELPHIA PHILLIES
07/05/2041
 
TOP OF THE 1ST
DSL Cleveland Guardians batting - Pitching for DSL Philadelphia Phillies : RHP Cristián Nuece
Pitching: RHP Cristián Nuece
Batting: RHB Tim Jones 0-0: Ball
1-0: TRIPLE (Line Drive, 8RXD, EV 104.4 MPH)
Batting: RHB Sergio González 0-0: Foul Ball, location: 5F
0-1: Foul Ball, location: 2LF
0-2: Foul Ball, location: 2F
0-2: Ball
1-2: Foul Ball, location: 25F
1-2: Foul Ball, location: 5F
1-2: Ball
2-2: Strikes out swinging
Batting: RHB Esteban Romo 0-0: Ground out 5-3 (Groundball, 56S, EV 85.0 MPH)
Tim Jones scores
Batting: RHB Norbert Rondinelli 0-0: Ball
1-0: SOLO HOME RUN (Flyball, 9D, EV 96.9 MPH), Distance : 361 ft
Batting: RHB Manny García 0-0: Foul Ball, location: 9LMF
0-1: Ball
1-1: Ball
2-1: SINGLE (Line Drive, 7LM, EV 110.6 MPH)
Batting: RHB Miguel Angel Castaneda 0-0: Called Strike
0-1: Called Strike
0-2: Ball
1-2: Ball
2-2: Ball
3-2: Strikes out looking
Top of the 1st over - 2 runs, 3 hits, 0 errors, 1 left on base; DSL Cleveland 2 - DSL Philadelphia 0
BOTTOM OF THE 1ST
DSL Philadelphia Phillies batting - Pitching for DSL Cleveland Guardians : LHP Juan Vallejo
Pitching: LHP Juan Vallejo
Batting: LHB Tony Sánchez 0-0: Called Strike
0-1: Swinging Strike
0-2: Ball
1-2: Ball
2-2: Foul Ball, location: 5F
2-2: Strikes out looking
Batting: RHB Alfredo Román 0-0: Ball
1-0: Swinging Strike
1-1: Swinging Strike
1-2: Ball
2-2: DOUBLE (Flyball, 89D, EV 111.3 MPH)
Batting: RHB Ken Taváres 0-0: Called Strike
0-1: Ball
1-1: Swinging Strike
1-2: Foul Ball, location: 23F
1-2: Strikes out looking
Batting: RHB Juan Alba 0-0: Ball
1-0: Ball
2-0: SINGLE (Flyball, 56D, EV 96.9 MPH)
Alfredo Román to third
Runner from 3rd tries for Home, SAFE, throw by LF to home
Now in LF: Esteban Romo
Now in RF: Ron Cotton
Batting: LHB Goffredo Bollati 0-0: DOUBLE (Line Drive, 7LM, EV 106.3 MPH)
Juan Alba to third
Batting: RHB Sergio Calderón 0-0: Called Strike
0-1: Swinging Strike
0-2: Ball
1-2: Strikes out swinging
Bottom of the 1st over - 1 run, 3 hits, 0 errors, 2 left on base; DSL Cleveland 2 - DSL Philadelphia 1
TOP OF THE 2ND
DSL Cleveland Guardians batting - Pitching for DSL Philadelphia Phillies : RHP Cristián Nuece
Batting: RHB Luis Castillo 0-0: Ball
1-0: Called Strike
1-1: Ball
2-1: Swinging Strike
2-2: Strikes out looking
Batting: LHB Ron Cotton 0-0: Called Strike
0-1: Ground out 5-3 (Groundball, 56, EV 89.4 MPH)
Batting: RHB Dani Cruz 0-0: Called Strike
0-1: Called Strike
0-2: Ground out 6-3 (Groundball, 56, EV 89.4 MPH)
Top of the 2nd over - 0 runs, 0 hits, 0 errors, 0 left on base; DSL Cleveland 2 - DSL Philadelphia 1
BOTTOM OF THE 2ND
DSL Philadelphia Phillies batting - Pitching for DSL Cleveland Guardians : LHP Juan Vallejo
Batting: RHB Kevin Tidwell 0-0: Swinging Strike
0-1: Foul Ball, location: 2F
0-2: Ball
1-2: Ball
2-2: Strikes out swinging
Batting: RHB Jon Jones 0-0: Ball
1-0: Foul Ball, location: 2F
1-1: Swinging Strike
1-2: Foul Ball, location: 9LSF
1-2: Strikes out swinging
Batting: RHB Duane Dotson 0-0: Called Strike
0-1: Ball
1-1: Swinging Strike
1-2: Ball
2-2: Strikes out swinging
Bottom of the 2nd over - 0 runs, 0 hits, 0 errors, 0 left on base; DSL Cleveland 2 - DSL Philadelphia 1
TOP OF THE 3RD
DSL Cleveland Guardians batting - Pitching for DSL Philadelphia Phillies : RHP Cristián Nuece
Batting: RHB Tim Jones 0-0: Ball
1-0: Fly out, F9 (Flyball, 9, EV 88.8 MPH)
Batting: RHB Sergio González 0-0: Swinging Strike
0-1: Swinging Strike
0-2: Ball
1-2: Strikes out swinging
Batting: RHB Esteban Romo 0-0: Ball
1-0: Called Strike
1-1: Ball
2-1: Swinging Strike
2-2: Ball
3-2: Foul Ball, location: 25F
3-2: Foul Ball, location: 3F
3-2: Strikes out looking
Top of the 3rd over - 0 runs, 0 hits, 0 errors, 0 left on base; DSL Cleveland 2 - DSL Philadelphia 1
BOTTOM OF THE 3RD
DSL Philadelphia Phillies batting - Pitching for DSL Cleveland Guardians : LHP Juan Vallejo
Batting: LHB Tony Sánchez 0-0: Hit by Pitch
Batting: RHB Alfredo Román 0-0: Ball
1-0: Sac Bunt to 5S - play at first, batter OUT! 5-3
Tony Sánchez to second
Batting: RHB Ken Taváres 0-0: Ball
Tony Sánchez steals 3rd base
1-0: Called Strike
1-1: Ground out 4-3 (Groundball, 34, EV 80.6 MPH)
Tony Sánchez scores
Batting: RHB Juan Alba 0-0: Ball
1-0: Ball
2-0: Ball
3-0: Base on Balls
Batting: LHB Goffredo Bollati 0-0: Called Strike
0-1: Swinging Strike
0-2: Ball
1-2: Foul Ball, location: 9LSFF
1-2: Foul Ball, location: 7LMF
1-2: Strikes out swinging
Bottom of the 3rd over - 1 run, 0 hits, 0 errors, 1 left on base; DSL Cleveland 2 - DSL Philadelphia 2
TOP OF THE 4TH
DSL Cleveland Guardians batting - Pitching for DSL Philadelphia Phillies : RHP Cristián Nuece
Batting: RHB Norbert Rondinelli 0-0: Ball
1-0: Called Strike
1-1: Foul Ball, location: 3DF
1-2: Strikes out looking
Batting: RHB Manny García 0-0: Foul Ball, location: 9LSF
0-1: Ball
1-1: Foul Ball, location: 3FF
1-2: Ball
2-2: Strikes out swinging
Batting: RHB Miguel Angel Castaneda 0-0: Foul Ball, location: 5DF
0-1: Ball
1-1: Ball
2-1: Ball
3-1: Base on Balls
Batting: RHB Luis Castillo 0-0: Ball
1-0: Foul Ball, location: 9LMF
1-1: Foul Ball, location: 5FF
1-2: Strikes out swinging
Top of the 4th over - 0 runs, 0 hits, 0 errors, 1 left on base; DSL Cleveland 2 - DSL Philadelphia 2
BOTTOM OF THE 4TH
DSL Philadelphia Phillies batting - Pitching for DSL Cleveland Guardians : LHP Juan Vallejo
Batting: RHB Sergio Calderón 0-0: Called Strike
0-1: Foul Ball, location: 2F
0-2: Strikes out swinging
Batting: RHB Kevin Tidwell 0-0: Ball
1-0: Called Strike
1-1: Swinging Strike
1-2: Strikes out swinging
Batting: RHB Jon Jones 0-0: Ball
1-0: Ground out U3 (Groundball, 3, EV 90.6 MPH)
Bottom of the 4th over - 0 runs, 0 hits, 0 errors, 0 left on base; DSL Cleveland 2 - DSL Philadelphia 2
TOP OF THE 5TH
DSL Cleveland Guardians batting - Pitching for DSL Philadelphia Phillies : RHP Cristián Nuece
Batting: LHB Ron Cotton 0-0: Foul Ball, location: 7LMF
0-1: Foul Ball, location: 2RF
0-2: Hit by Pitch
Batting: RHB Dani Cruz 0-0: Bunted foul
0-1: Bunted foul
0-2: Ball
1-2: Strikes out swinging
Batting: RHB Tim Jones 0-0: Fielders Choice at 2nd, 5-4 (Groundball, 56, EV 87.5 MPH)
Batting: RHB Sergio González 0-0: Ball
1-0: Fly out, F3 (Popup, 3, EV 64.4 MPH)
Top of the 5th over - 0 runs, 0 hits, 0 errors, 1 left on base; DSL Cleveland 2 - DSL Philadelphia 2
BOTTOM OF THE 5TH
DSL Philadelphia Phillies batting - Pitching for DSL Cleveland Guardians : LHP Juan Vallejo
Batting: RHB Duane Dotson 0-0: Called Strike
0-1: Ball
1-1: Foul Ball, location: 5F
1-2: Strikes out swinging
Batting: LHB Tony Sánchez 0-0: Ball
1-0: SINGLE (Groundball, 6MD, EV 106.9 MPH)
Batting: RHB Alfredo Román 0-0: Foul Ball, location: 9LDF
0-1: Called Strike
0-2: Ball
1-2: Foul Ball, location: 2F
1-2: Hit by Pitch
Tony Sánchez to second
Batting: RHB Ken Taváres 0-0: Called Strike
0-1: Ball
Tony Sánchez steals 3rd base (no throw)
Alfredo Román to second
1-1: Called Strike
1-2: SINGLE (Groundball, 2L, EV 67.5 MPH) (infield hit)
Pitching: RHP Noboru Goto
Batting: RHB Juan Alba 0-0: Called Strike
0-1: Swinging Strike
0-2: Strikes out looking
Batting: LHB Goffredo Bollati 0-0: Ball
1-0: Foul Ball, location: 25F
1-1: Called Strike
1-2: Ball
2-2: Foul Ball, location: 7LDF
2-2: Ball
3-2: Base on Balls
Tony Sánchez scores
Alfredo Román to third
Ken Taváres to second
Batting: RHB Sergio Calderón 0-0: Ball
1-0: Ball
2-0: Ball
3-0: Base on Balls
Alfredo Román scores
Ken Taváres to third
Goffredo Bollati to second
Batting: RHB Kevin Tidwell 0-0: Called Strike
0-1: Called Strike
0-2: Ball
1-2: Foul Ball, location: 2F
1-2: Strikes out swinging
Bottom of the 5th over - 2 runs, 2 hits, 0 errors, 3 left on base; DSL Cleveland 2 - DSL Philadelphia 4
TOP OF THE 6TH
DSL Cleveland Guardians batting - Pitching for DSL Philadelphia Phillies : RHP Cristián Nuece
Batting: RHB Esteban Romo 0-0: Ball
1-0: Ball
2-0: Foul Ball, location: 3DF
2-1: Foul Ball, location: 2F
2-2: Ball
3-2: Foul Ball, location: 3F
3-2: Base on Balls
Pitching: RHP Juan Velásquez
Batting: RHB Norbert Rondinelli 0-0: Ball
1-0: Ball
2-0: Ball
3-0: Base on Balls
Esteban Romo to second
Batting: SHB Samuel Avery 0-0: Called Strike
0-1: Called Strike
0-2: Ball
1-2: Strikes out swinging
DELAY Rain delay of 33 minutes in the 6th inning.
Batting: RHB Miguel Angel Castaneda 0-0: Foul Ball, location: 2RF
0-1: Foul Ball, location: 2F
0-2: Ball
1-2: Ball
2-2: Ball
Wild Pitch!
Esteban Romo to third
Norbert Rondinelli to second
3-2: Base on Balls
Batting: RHB Luis Castillo 0-0: Called Strike
0-1: Foul Ball, location: 2F
0-2: Foul Ball, location: 5SF
0-2: Foul Ball, location: 3FF
0-2: Strikes out swinging
Batting: LHB Ron Cotton 0-0: Foul Ball, location: 2F
0-1: Ball
1-1: Fly out, F7 (Flyball, 7D, EV 110.0 MPH)
Top of the 6th over - 0 runs, 0 hits, 0 errors, 3 left on base; DSL Cleveland 2 - DSL Philadelphia 4
BOTTOM OF THE 6TH
DSL Philadelphia Phillies batting - Pitching for DSL Cleveland Guardians : RHP Noboru Goto
Batting: RHB Jon Jones 0-0: DOUBLE (Line Drive, 9LS, EV 101.9 MPH)
Batting: RHB Duane Dotson 0-0: Ball
1-0: Foul Ball, location: 9LMF
1-1: Ball
2-1: Swinging Strike
2-2: Strikes out swinging
Batting: LHB Tony Sánchez 0-0: SINGLE (Groundball, 5D, EV 97.5 MPH)
Jon Jones to third
Batting: RHB Alfredo Román 0-0: Ball
1-0: Foul Ball, location: 3SF
1-1: Foul Ball, location: 5F
1-2: Ball
2-2: Fly out, F7 (Flyball, 7LM, EV 96.9 MPH)
Runner from 3rd tags up, SCORES, throw by LF
Batting: RHB Ken Taváres 0-0: Called Strike
0-1: Swinging Strike
0-2: Ball
1-2: Ball
2-2: Foul Ball, location: 2F
2-2: Ball
3-2: Base on Balls
Tony Sánchez to second
Batting: RHB Juan Alba 0-0: Called Strike
0-1: Called Strike
0-2: Ball
1-2: Foul Ball, location: 2LF
1-2: Foul Ball, location: 25F
1-2: Strikes out swinging
Bottom of the 6th over - 1 run, 2 hits, 0 errors, 2 left on base; DSL Cleveland 2 - DSL Philadelphia 5
TOP OF THE 7TH
DSL Cleveland Guardians batting - Pitching for DSL Philadelphia Phillies : RHP Juan Velásquez
Batting: RHB Dani Cruz 0-0: Ball
1-0: Ball
2-0: Ball
3-0: Called Strike
3-1: Ground out 1-3 (Groundball, 34S, EV 68.1 MPH)
Batting: RHB Tim Jones 0-0: Ball
1-0: Called Strike
1-1: Ball
2-1: Foul Ball, location: 2F
2-2: Strikes out swinging
Batting: RHB Sergio González 0-0: Called Strike
0-1: Swinging Strike
0-2: Ball
1-2: Strikes out swinging
Top of the 7th over - 0 runs, 0 hits, 0 errors, 0 left on base; DSL Cleveland 2 - DSL Philadelphia 5
BOTTOM OF THE 7TH
DSL Philadelphia Phillies batting - Pitching for DSL Cleveland Guardians : RHP Noboru Goto
Batting: LHB Goffredo Bollati 0-0: Foul Ball, location: 2RF
0-1: Ball
1-1: Ball
2-1: DOUBLE (Line Drive, 7LS, EV 87.5 MPH)
Pitching: RHP Natalino Assedio
Batting: RHB Sergio Calderón 0-0: Ball
1-0: Ball
2-0: Foul Ball, location: 25FF
2-1: Foul Ball, location: 9LDF
2-2: Ball
3-2: Strikes out swinging
Batting: RHB Kevin Tidwell 0-0: Called Strike
0-1: Foul Ball, location: 2F
0-2: Foul Ball, location: 3F
0-2: Ball
1-2: Strikes out swinging
Batting: RHB Jon Jones 0-0: Hit by Pitch
Batting: RHB Duane Dotson 0-0: Called Strike
0-1: Foul Ball, location: 2F
0-2: Strikes out swinging
Bottom of the 7th over - 0 runs, 1 hit, 0 errors, 2 left on base; DSL Cleveland 2 - DSL Philadelphia 5
TOP OF THE 8TH
DSL Cleveland Guardians batting - Pitching for DSL Philadelphia Phillies : RHP Juan Velásquez
Batting: RHB Esteban Romo 0-0: Ball
1-0: Ball
2-0: Ball
3-0: Called Strike
3-1: Called Strike
3-2: Base on Balls
Pitching: LHP Ignacio Díaz
Batting: RHB Norbert Rondinelli 0-0: Ball
1-0: Ball
2-0: Ball
3-0: Called Strike
3-1: Called Strike
3-2: SINGLE (Groundball, 13, EV 83.8 MPH) (infield hit)
Esteban Romo to second
Batting: SHB Samuel Avery 0-0: Ball
1-0: Ball
2-0: Called Strike
2-1: Ball
3-1: Grounds into double play, 4-6-3 (Groundball, 4M, EV 86.3 MPH)
Esteban Romo to third
Batting: RHB Miguel Angel Castaneda 0-0: Ball
Wild Pitch!
Esteban Romo scores
1-0: Called Strike
1-1: Foul Ball, location: 2F
1-2: Strikes out looking
Top of the 8th over - 1 run, 1 hit, 0 errors, 0 left on base; DSL Cleveland 3 - DSL Philadelphia 5
BOTTOM OF THE 8TH
DSL Philadelphia Phillies batting - Pitching for DSL Cleveland Guardians : RHP Natalino Assedio
Batting: LHB Tony Sánchez 0-0: Ball
1-0: Called Strike
1-1: Fly out, F7 (Flyball, 7LM, EV 81.3 MPH)
Batting: RHB Alfredo Román 0-0: Foul Ball, location: 7LMF
0-1: Foul Ball, location: 2F
0-2: Foul Ball, location: 3F
0-2: Hit by Pitch
Batting: RHB Ken Taváres 0-0: Ball
1-0: Called Strike
1-1: Foul Ball, location: 2F
1-2: Strikes out looking
Batting: RHB Juan Alba 0-0: Called Strike
0-1: Swinging Strike
0-2: Foul Ball, location: 9LSFF
0-2: Strikes out swinging
Bottom of the 8th over - 0 runs, 0 hits, 0 errors, 1 left on base; DSL Cleveland 3 - DSL Philadelphia 5
TOP OF THE 9TH
DSL Cleveland Guardians batting - Pitching for DSL Philadelphia Phillies : LHP Ignacio Díaz
Pitching: RHP Adrián Hinojosa
Pinch Hitting: RHB Juan Moreno 0-0: Foul Ball, location: 7LDF
0-1: Called Strike
0-2: Ball
1-2: Strikes out swinging
Batting: LHB Ron Cotton 0-0: Ball
1-0: Foul Ball, location: 7LSF
1-1: Foul Ball, location: 5F
1-2: Strikes out swinging
Batting: RHB Dani Cruz 0-0: Ball
1-0: Foul Ball, location: 25F
1-1: Called Strike
1-2: Strikes out swinging
Top of the 9th over - 0 runs, 0 hits, 0 errors, 0 left on base; DSL Cleveland 3 - DSL Philadelphia 5
Wednesday, April 3rd , 2024 - OOTP Baseball 24.10 Build 82